 Dungeon Crawl Stone Soup version 0.22-a0-525-gf69a080 (webtiles) character file.

25 Darkshadow the Skirmisher (level 3, 0/33 HPs)
             Began as a Hill Orc Fighter on June 21, 2018.
             Succumbed to an adder's poison
             ... on level 2 of the Dungeon.
             The game lasted 00:03:29 (1313 turns).

Darkshadow the Skirmisher (Hill Orc Fighter)        Turns: 1313, Time: 00:03:30

Health: 0/33       AC:  6    Str: 15 (18) XL:     3   Next: 4%
Magic:  3/3        EV:  6    Int:  5 (8)  God:
Gold:   89         SH:  8    Dex: 10 (11) Spells: 2/2 levels left

rFire    . . .     SeeInvis .   a - +0 war axe
rCold    . . .     Gourm    .   c - +0 shield
rNeg     . . .     Faith    .   b - +0 scale mail
rPois    .         Spirit   .   (no helmet)
rElec    .         Reflect  .   (no cloak)
rCorr    .         Harm     .   (no gloves)
MR       .....                  (no boots)
Stlth    ..........             (no amulet)
HPRegen  0.11/turn              (no ring)
MPRegen  0.08/turn              (no ring)

@: lethally poisoned (0 -> -10), hasted, very quick
A: no striking features
a: no special abilities


You were on level 2 of the Dungeon.
You were not hungry.

You visited 1 branch of the dungeon, and saw 2 of its levels.

You collected 89 gold pieces.

Inventory:

Hand Weapons
 a - a +0 war axe (weapon)
Missiles
 g - 69 stones
 r - 6 tomahawks (quivered)
Armour
 b - a +0 scale mail (worn)
 c - a +0 shield (worn)
 e - a +0 helmet
 l - a +0 pair of gloves
Scrolls
 h - 3 scrolls of identify {unknown}
 i - a scroll of magic mapping {unknown}
 j - a scroll of fear {unknown}
 k - a scroll of enchant armour {unknown}
 n - 2 scrolls of amnesia {unknown}
 o - 3 scrolls of teleportation {unknown}
 u - a scroll of enchant weapon {unknown}
Potions
 d - a potion of might
 p - a potion of degeneration
 q - a potion of curing {unknown}
 s - a potion of flight {unknown}
 t - a potion of heal wounds {unknown}
Comestibles
 f - 6 rations


   Skills:
 + Level 4.0 Fighting
 * Level 3.4 Axes
 + Level 3.5 Armour
 + Level 3.5 Shields


You had 2 spell levels left.
You didn't know any spells.
Your spell library was empty.

Dungeon Overview and Level Annotations

Branches:
Dungeon (2/15)

Altars:


Message History

There was something very wrong with that liquid.
You feel weakened.
You feel dopey.
You feel clumsy. You block the adder's attack.
It was a potion of haste.
You feel yourself speed up.
* * * LOW HITPOINT WARNING * * *
You feel sick. The adder bites you.
* * * LOW HITPOINT WARNING * * *
You are more poisoned.
The adder poisons you!
You miss the adder.
The adder is heavily wounded.
* * * LOW HITPOINT WARNING * * *
You feel sick. The adder bites you but does no damage.
You closely miss the adder.
The adder is heavily wounded.
* * * LOW HITPOINT WARNING * * *
You feel sick.
The adder bites you but does no damage. x2
You miss the adder.
The adder is heavily wounded.
You die...

#...#.#.#####.......##.#.#
....................##.#.#
....#>#.####.#.#.#..##.#.#
.......................#.#
.................#..##.#.#
.#.##.#.#.#..#.#.#........
.................>..##....
.####..##.#..#.##...####..
)......@...#.##...# .
####..##S#..#.##....#
.....................
#.#........#.##..#....
......#$#.## ....###...
......#.#.# #.## ...
#.###+#.... # ... ## ...


You could see an adder.

Vanquished Creatures
  A dart slug (D:1)
  A leopard gecko (D:2)
  A ball python (D:2)
  3 bats
  2 goblins (D:1)
  3 hobgoblins (D:1)
  A quokka (D:2)
  2 frilled lizards (D:1)
  4 kobolds
  2 rats
20 creatures vanquished.

Notes
Turn   | Place    | Note
-------+----------+-------------------------------------------
     0 | D:1      | Darkshadow the Hill Orc Fighter began the quest for the Orb.
     0 | D:1      | Reached XP level 1. HP: 19/19 MP: 1/1
   496 | D:1      | Reached XP level 2. HP: 27/27 MP: 2/2
  1209 | D:2      | Reached skill level 4 in Fighting
  1213 | D:2      | Reached XP level 3. HP: 29/33 MP: 3/3
  1312 | D:2      | HP: 1/33 [poisoned by an adder]
  1313 | D:2      | Succumbed to an adder's poison

Vault maps used:
D:1:      matt_arrival_grand_opening
D:2:      serial_curves, eino_curves_03, eino_curves_02, uniq_robin,
          uniq_natasha

Skill      XL: |  1  2 |
---------------+-------+-----
Axes           | 3 |  3.4
Fighting       | 4 |  4.0
Armour         | |  3.5
Shields        | |  3.5

Action                   || total
-------------------------++-------
Melee: War axe           ||    64
Throw: Stone             ||    22
       Tomahawk          ||     6
  Use: Potion            ||     2
  Eat: Chunk             ||     1
Armor: Scale mail        ||    32
Dodge: Dodged            ||    14
Block: Shield            ||    30

Table legend:
 A = Spawn XP
 B = Non-spawn XP
 C = Spawn XP percentage of total XP
 D = Spawn monster count
 E = Non-spawn monster count
 F = Spawn count percentage of total count
 G = Total turns spent on level
                    A         B        C        D         E        F      G
               +---------+---------+-------+---------+---------+-------+---------
         Total |       0 |      36 |   0.0 |       0 |      20 |   0.0 |  1313
               +---------+---------+-------+---------+---------+-------+---------
           D:1 |       0 |      25 |   0.0 |       0 |      14 |   0.0 |  1139
           D:2 |       0 |      11 |   0.0 |       0 |       6 |   0.0 |   174
               +---------+---------+-------+---------+---------+-------+---------
